 Dungeon Crawl Stone Soup version 0.20.0-15-g7f486f2 (webtiles) character file.

1407 Chiseanne the Magician (level 8, 56/56 HPs)
             Began as a Demonspawn Wizard on June 15, 2017.
             Quit the game on level 6 of the Dungeon.
             The game lasted 00:15:37 (7608 turns).

Chiseanne the Magician (Demonspawn Wizard)          Turns: 7608, Time: 00:15:38

Health: 56/56      AC:  8    Str:  7    XL:     8   Next: 42%
Magic:  17/17      EV: 14    Int: 22    God:
Gold:   290        SH:  0    Dex: 12    Spells: 10/19 levels left

rFire    . . .     SeeInvis +   a - +3 falchion (venom)
rCold    . . .     Gourm    .   (no shield)
rNeg     . . .     Faith    +   k - +0 robe
rPois    .         Spirit   +   (helmet restricted)
rElec    .         Reflect  .   (no cloak)
rCorr    .         Harm     .   e - +1 pair of gloves
MR       .....                  m - +1 pair of boots
Stlth    ++........             n - amulet of faith
Regen    0.2/turn               b - ring of see invisible
MPRegen  0.2/turn               (no ring)

@: no status effects
A: antennae 1, thin metallic scales 1, powered by pain 1, magic shield
a: no special abilities


You were on level 6 of the Dungeon.
You were not hungry.

You visited 1 branch of the dungeon, and saw 6 of its levels.
You also visited: Sewer.

You collected 290 gold pieces.

Inventory:

Hand Weapons
 a - a +3 falchion of venom (weapon)
 w - a +2 shortbow of freezing
 F - the cursed +3 spear "Jittanko" {speed, rElec rF+ Dex+3}
   (You found it on level 5 of the Dungeon)

   Attacks with this weapon are significantly faster.
   It affects your dexterity (+3).
   It protects you from fire.
   It insulates you from electricity.
   It has a curse placed upon it.
Missiles
 f - 11 bolts
 i - 5 poisoned javelins (quivered)
 l - 117 stones
 q - 117 arrows
 y - 8 curare-tipped needles
 B - 71 sling bullets
Armour
 e - a +1 pair of gloves (worn)
 k - a +0 robe (worn)
 m - a +1 pair of boots (worn)
 s - a +2 helmet
 D - a +3 ring mail
 E - a +0 leather armour of fire resistance
Jewellery
 b - a ring of see invisible (left hand)
 n - an amulet of faith (around neck)
Scrolls
 h - a scroll of fear
 j - a scroll of recharging
 v - 4 scrolls of teleportation
Potions
 c - 2 potions of flight
 g - a potion of agility {unknown}
 o - 3 potions of brilliance {unknown}
 t - a potion of degeneration {unknown}
 u - 2 potions of heal wounds
 x - a potion of mutation
 z - 2 potions of invisibility {unknown}
 A - 2 potions of curing {unknown}
 C - a potion of lignification {unknown}
Comestibles
 d - 7 bread rations
 p - a royal jelly
 r - 3 meat rations
 G - 5 chunks of flesh


   Skills:
 - Level 2.2 Fighting
 * Level 5.1 Dodging
 - Level 1.7 Stealth
 * Level 6.4 Spellcasting
 * Level 5.9 Conjurations
   Level 1.0 Summonings
 - Level 0.8 Translocations


You had 10 spell levels left.
You knew the following spells:

 Your Spells              Type           Power        Failure   Level  Hunger
a - Magic Dart            Conj           ####         1%          1    None
b - Blink                 Tloc           N/A          10%         2    None
c - Conjure Flame         Conj/Fire      ###.....     8%          3    #......
d - Mephitic Cloud        Conj/Pois/Air  ###.....     12%         3    #......


Dungeon Overview and Level Annotations

Branches:
Dungeon (6/15)
 Temple: D:4-7

Altars:
Gozag

Shops:
D:5 (


Innate Abilities, Weirdness & Mutations

You have a pair of small antennae on your head.
You are partially covered in thin metallic scales. (AC +2)
You sometimes gain a little power by taking damage.
When hurt, damage is shared between your health and your magic reserves.


Message History

You feel sick.
You feel sick.
The helpless giant cockroach fails to defend itself.
You hit the giant cockroach.
The giant cockroach is poisoned.
The giant cockroach is heavily wounded.
You feel sick.
You kill the giant cockroach!
You see here a giant cockroach corpse.
You butcher the giant cockroach corpse.
G - 6 chunks of flesh (gained 2)
You feel sick.
l - 117 stones (gained 15)
You feel sick.
You feel sick.
c - 2 potions of flight (gained 1)
You feel sick.
You are no longer poisoned.
Eating one of 6 chunks of flesh.
You eat one of the 6 chunks of flesh.
This raw flesh tastes terrible.
Are you sure you want to abandon this character and quit the game? (Confirm with "yes".)

...#### ####.......#
...... +.......##.##
...# ####>...<...# <.#
#..#.##..# ###
#..#.##..# # #..#.##..#
#+########..#.##..#
#........#........#
#.....@..##.......#
######........####.#####
...................#
####..........######
##.........# #.........#
.........#### ....######
#####


There were no monsters in sight!

Vanquished Creatures
  A phantom (D:5)
  2 sky beasts (D:6)
  A black bear (D:6)
  An ogre (D:4)
  2 centaurs (D:5)
  A crocodile (Sewer)
  2 howler monkeys
  A bullfrog zombie (D:5)
  2 crimson imps
  3 orc wizards
  3 orc priests
  A hound (D:5)
  A jelly (D:5)
  2 worker ants
  2 hound skeletons (D:5)
  A worker ant zombie (D:5)
  3 gnolls
  12 adders
  A shadow imp (D:5)
  An ooze (D:2)
  An adder skeleton (D:4)
  3 worms
  5 leopard geckos
  7 orcs
  9 bats
  4 giant cockroaches
  10 goblins
  6 hobgoblins
  5 jackals
  5 kobolds
  3 quokkas
  2 ball pythons
  7 frilled lizards
  6 rats
116 creatures vanquished.

Notes
Turn   | Place    | Note
-------+----------+-------------------------------------------
     0 | D:1      | Chiseanne the Demonspawn Wizard began the quest for the Orb.
     0 | D:1      | Reached XP level 1. HP: 13/13 MP: 4/4
   282 | D:1      | Reached skill level 1 in Fighting
   508 | D:1      | Gained mutation: When hurt, damage is shared between your health and your magic reserves. [demonic ancestry]
   508 | D:1      | Reached XP level 2. HP: 21/21 MP: 3/6
  1194 | D:1      | Learned a level 2 spell: Blink
  1338 | D:2      | Reached XP level 3. HP: 21/27 MP: 0/7
  2730 | D:2      | Found an opulent altar of Gozag.
  2788 | D:2      | Reached XP level 4. HP: 33/33 MP: 2/9
  2865 | D:2      | Learned a level 3 spell: Conjure Flame
  2869 | D:2      | Learned a level 3 spell: Mephitic Cloud
  3538 | D:3      | Reached skill level 4 in Spellcasting
  3617 | D:3      | Found a glowing drain.
  3623 | Sewer    | Entered a sewer
  3704 | Sewer    | Noticed a crocodile
  3713 | Sewer    | Killed a crocodile
  3713 | Sewer    | Gained mutation: You are partially covered in thin metallic scales. (AC +2) [demonic ancestry]
  3713 | Sewer    | Reached XP level 5. HP: 38/38 MP: 7/11
  4137 | D:3      | Gained mutation: You sometimes gain a little power by taking damage. [demonic ancestry]
  4137 | D:3      | Reached XP level 6. HP: 44/44 MP: 3/12
  4276 | D:3      | Noticed an ice beast
  5646 | D:5      | Entered Level 5 of the Dungeon
  5703 | D:5      | Reached skill level 5 in Spellcasting
  5703 | D:5      | Reached XP level 7. HP: 32/50 MP: 0/14
  5973 | D:5      | Found Ziegiff's Weapon Boutique.
  6637 | D:5      | Reached skill level 5 in Conjurations
  6865 | D:5      | Gained mutation: You have a pair of small antennae on your head. [demonic ancestry]
  6865 | D:5      | Reached XP level 8. HP: 56/56 MP: 9/16
  7008 | D:5      | Reached skill level 6 in Spellcasting
  7056 | D:5      | Got a shimmering spear
  7057 | D:5      | Identified the cursed +3 spear "Jittanko" {speed, rElec rF+ Dex+3} (You found it on level 5 of the Dungeon)
  7507 | D:6      | Reached skill level 5 in Dodging
  7608 | D:6      | Quit the game

Skill      XL: |  1  2  3  4  5  6  7  8 |
---------------+-------------------------+-----
Fighting       | 1 2 |  2.2
Conjurations   | 2 3 4 5 |  5.9
Spellcasting   | 4 5 6 |  6.4
Dodging        | 2 3 4 5 |  5.1
Stealth        | |  1.7
Summonings     | |  1.0
Translocations | |  0.8

Action                   |  1- 3 |  4- 6 |  7- 9 || total
-------------------------+-------+-------+-------++-------
Melee: Hand axe          |    11 |       |       ||    11
       Mace              |     3 |       |       ||     3
       Falchion          |       |    52 |    82 ||   134
Throw: Javelin           |    12 |     9 |       ||    21
 Cast: Magic Dart        |    84 |   105 |    80 ||   269
       Mephitic Cloud    |       |     5 |     3 ||     8
       Conjure Flame     |       |     3 |       ||     3
  Use: Scroll            |     6 |     7 |     3 ||    16
       Potion            |     2 |       |     1 ||     3
 Stab: Confused          |       |     1 |     1 ||     2
       Sleeping          |       |       |     1 ||     1
  Eat: Chunk             |     5 |     9 |     6 ||    20
       Royal jelly       |       |       |     1 ||     1
Armor: Robe              |    13 |    17 |    39 ||    69
Dodge: Dodged            |    43 |    44 |    87 ||   174
       Rpst.: Falchion   |       |    13 |    37 ||    50
